 Dungeon Crawl Stone Soup version 0.23-a0-642-g3120c2f (webtiles) character file.

2758 GroovyGamera the Fighter (level 9, -1/60 HPs)
             Began as a Gargoyle Fighter on Dec 30, 2018.
             Killed by divine providence
             ... invoked by an orc priest
              (14 damage)
             ... on level 7 of the Dungeon.
             The game lasted 00:14:13 (6443 turns).

GroovyGamera the Fighter (Gargoyle Fighter)         Turns: 6443, Time: 00:14:14

Health: -1/60      AC: 21    Str: 20    XL:     9   Next: 69%
Magic:  9/9        EV:  7    Int: 12    God:
Gold:   382        SH:  5    Dex:  9    Spells: 8/8 levels left

rFire    . . .     SeeInvis .   C - +2 hand axe (flame)
rCold    . . .     Gourm    .   G - +0 buckler "Iffoni" {rN+} (curse)
rNeg     + + .     Faith    .   Q - +0 chain mail
rPois    ∞         Spirit   .   O - +1 helmet
rElec    +         Reflect  .   y - +0 cloak
rCorr    .         Harm     .   h - +0 pair of gloves
MR       .....                  (no boots)
Stlth    ..........             (no amulet)
HPRegen  0.20/turn              (no ring)
MPRegen  0.11/turn              (no ring)

@: no status effects
A: negative energy resistance 1, electricity resistance, unbreathing,
petrification resistance, rot immunity, AC +6
a: no special abilities


You were on level 7 of the Dungeon.
You were not hungry.

You visited 2 branches of the dungeon, and saw 8 of its levels.
You also visited: Sewer.

You collected 382 gold pieces.

Inventory:

Hand Weapons
 a - a +0 war axe
 e - a +1 mace of protection
 C - a +2 hand axe of flaming (weapon)
Missiles
 k - 8 needles of confusion
 n - 108 sling bullets
 s - 48 bolts
 u - 25 poisoned needles
 E - 2 javelins (quivered)
 I - 2 needles of frenzy
Armour
 c - a +0 shield
 h - a +0 pair of gloves (worn)
 y - a +0 cloak (worn)
 G - the cursed +0 buckler "Iffoni" (worn) {rN+}
   (You found it on level 6 of the Dungeon)

   It protects you from negative energy.
   It has a curse placed upon it.
 O - a +1 helmet (worn)
 Q - a +0 chain mail (worn)
Jewellery
 g - an uncursed ring of see invisible {unknown}
 p - an uncursed ring of flight {unknown}
 A - an uncursed ring of protection from cold {unknown}
 L - a cursed -2 ring of dexterity {unknown}
Wands
 m - a wand of iceblast (11)
 H - a wand of flame (16)
Scrolls
 i - 2 scrolls of immolation
 j - 3 scrolls of identify
 l - a scroll of amnesia
 o - 4 scrolls of teleportation
 q - a scroll of enchant armour {unknown}
 D - a scroll of magic mapping {unknown}
 F - a scroll of enchant weapon {unknown}
 K - a scroll of fog {unknown}
 M - a scroll of vulnerability {unknown}
 N - a scroll of fear {unknown}
Potions
 d - a potion of berserk rage {unknown}
 r - a potion of magic {unknown}
 t - a potion of heal wounds {unknown}
 v - 2 potions of haste {unknown}
 w - 3 potions of lignification {unknown}
 x - 6 potions of curing
 z - 3 potions of flight {unknown}
 B - 3 potions of mutation {unknown}
 J - 2 potions of might
Comestibles
 f - 14 rations


   Skills:
 + Level 8.9 Fighting
 * Level 8.0 Axes
 - Level 5.8 Armour
 - Level 5.8 Shields


You had 8 spell levels left.
You didn't know any spells.
Your spell library contained the following spells:

 Spells                   Type           Power        Failure   Level  Hunger
 Magic Dart               Conj           #...         96%         1    ##.....
 Blink                    Tloc           N/A          99%         2    ###....
 Call Imp                 Summ           #.......     99%         2    ###....
 Slow                     Hex            #.......     99%         2    ###....
 Conjure Flame            Conj/Fire      #.......     100%        3    ####...
 Mephitic Cloud           Conj/Pois/Air  #.......     100%        3    ####...


Dungeon Overview and Level Annotations

Branches:
Dungeon (7/15)             Temple (1/1) D:5

Altars:
Ashenzari
Cheibriados
Dithmenos
Elyvilon
Fedhas
Gozag
Hepliaklqana
Kikubaaqudgha
Nemelex Xobeh
Okawaru
Qazlal
Ru
Sif Muna
Trog
Uskayaw
Vehumet
Xom
Yredelemnul
Zin
The Shining One


Innate Abilities, Weirdness & Mutations

You are resistant to torment.
Your stone body is resilient. (AC +6)
You are immune to poison.
You resist negative energy. (rN+)
You are resistant to electric shocks. (rElec)
You can survive without breathing.
You are immune to petrification.
You are immune to rotting.


Message History

The orc priest is moderately wounded.
The gnoll hits you but does no damage.
The orc priest hits you but does no damage.
You closely miss the orc priest.
The orc priest is moderately wounded.
You block the gnoll's attack. The orc priest closely misses you.
You closely miss the orc priest.
The orc priest is moderately wounded.
The gnoll is no longer moving quickly.
The gnoll hits you from afar with a +0 halberd.
* * * LOW HITPOINT WARNING * * *
The orc priest calls upon Beogh to heal the orc priest.
The orc priest is healed somewhat.
The orc priest closely misses you.
The gnoll hits you from afar with a +0 halberd.
* * * LOW HITPOINT WARNING * * *
You hit the orc priest. You burn the orc priest.
The orc priest is moderately wounded.
The orc priest mumbles some strange prayers to Beogh against you.
Beogh smites you!
You die... ## #.. ###.....(.# ### #......... #........ ....... ....... ..og. # ....... oog

. ....... #o# # ....... #@#
####### #### ....... #)#
#.....###..## .......
##(####............
.......####...........###.>.#
#...............###...#
#..[........#..#......#
#...........#..#.###...
#...........#..#...#.#.
######.#....#..###.....


You could see 2 orc priests, 2 gnolls and 2 orcs.

Vanquished Creatures
  Sigmund (D:3)
  A yak (D:7)
  3 hogs (D:7)
  A human (D:7)
  An orc warrior (D:7)
  A sky beast (D:7)
  An ogre (D:6)
  A phantom (D:6)
  3 centaurs
  A big kobold (Sewer)
  A bullfrog (D:7)
  Blork the orc (D:5)
  2 scorpions
  3 crimson imps
  Crazy Yiuf (D:4)
  A gnoll shaman (D:7)
  4 orc priests
  2 bullfrog skeletons (D:6)
  2 hounds
  Ijyb (D:3)
  10 orc wizards
  2 iguanas
  A hound skeleton (D:6)
  6 gnolls
  8 adders
  2 river rats
  A shadow imp (D:5)
  An ooze (D:3)
  3 worms
  3 leopard geckos
  27 orcs
  3 ball pythons
  4 giant cockroaches
  7 goblins
  5 hobgoblins
  11 jackals
  3 quokkas
  6 bats
  6 frilled lizards
  2 jackal skeletons
  9 kobolds
  A leopard gecko skeleton (D:5)
  A quokka skeleton (D:7)
  6 rats
160 creatures vanquished.

Notes
Turn   | Place    | Note
-------+----------+-------------------------------------------
     0 | D:1      | GroovyGamera the Gargoyle Fighter began the quest for the
                  | Orb.
     0 | D:1      | Reached XP level 1. HP: 14/14 MP: 1/1
     4 | D:1      | Noticed an electric eel
     4 | D:1      | Noticed an electric eel
   464 | D:1      | Reached XP level 2. HP: 19/19 MP: 2/2
   931 | D:2      | Reached XP level 3. HP: 23/24 MP: 3/3
  1395 | D:2      | Reached XP level 4. HP: 29/29 MP: 4/4
  1896 | D:3      | Noticed Sigmund
  2017 | D:3      | Killed Sigmund
  2017 | D:3      | Reached skill level 5 in Fighting
  2017 | D:3      | Reached skill level 5 in Shields
  2017 | D:3      | Reached XP level 5. HP: 22/35 MP: 5/5
  2017 | D:3      | Reached XP level 6. HP: 26/40 MP: 6/6
  2063 | D:3      | Noticed Ijyb
  2083 | D:3      | Reached skill level 5 in Armour
  2093 | D:3      | Killed Ijyb
  2156 | D:3      | Found a glowing drain.
  2207 | Sewer    | Entered a sewer
  2382 | Sewer    | Found a white marble altar of Elyvilon.
  2677 | D:4      | Reached XP level 7. HP: 44/44 MP: 7/7
  2681 | D:4      | Found an iron altar of Okawaru.
  2868 | D:4      | Found a runed door.
  2872 | D:4      | Noticed Crazy Yiuf
  2880 | D:4      | Killed Crazy Yiuf
  3580 | D:5      | Entered Level 5 of the Dungeon
  3599 | D:5      | Noticed Blork the orc
  3617 | D:5      | Killed Blork the orc
  3875 | D:5      | Found a staircase to the Ecumenical Temple.
  3885 | Temple   | Entered the Ecumenical Temple
  4233 | D:5      | Reached XP level 8. HP: 50/52 MP: 8/8
  4636 | D:6      | Got a spiked buckler
  4647 | D:6      | Identified the cursed +0 buckler "Iffoni" {rN+} (You found
                  | it on level 6 of the Dungeon)
  4687 | D:6      | Found a radiant altar of Vehumet.
  4838 | D:6      | Reached skill level 5 in Axes
  5076 | D:6      | Found a sparkling altar of Nemelex Xobeh.
  5134 | D:6      | Found a shadowy altar of Dithmenos.
  5546 | D:7      | Reached XP level 9. HP: 49/59 MP: 9/9
  6078 | D:7      | Found a sacrificial altar of Ru.
  6081 | D:7      | Found a glowing silver altar of Zin.
  6083 | D:7      | Found a bloodstained altar of Trog.
  6085 | D:7      | Found an opulent altar of Gozag.
  6087 | D:7      | Found a basalt altar of Yredelemnul.
  6088 | D:7      | Found a glowing golden altar of the Shining One.
  6090 | D:7      | Found a deep blue altar of Sif Muna.
  6443 | D:7      | Killed from afar by an orc priest

Vault maps used:
D:1:      arrival_aquarium_b, st_stairs_10, hex_large
D:2:      minmay_skewed_foursquare, first_ration
D:3:      portal_sewer_entry_c, uniq_ijyb, uniq_sigmund
D:4:      okawaru_ov_weapons_minmay, uniq_crazy_yiuf_cottage
D:5:      temple_fountains, uniq_blork_the_orc
D:6:      nemelex_xobeh_ov_fountains_minmay, vehumet_altar_wand_db,
          grunt_dithmenos_smoke_and_mirrors, serial_rivers,
          chequers_serial_rivers_small_a, chequers_serial_rivers_small_3,
          chequers_serial_rivers_small_b, chequers_serial_rivers_small_3,
          minmay_misc_feat_columns
D:7:      bloody_makhleb, minitemple, grunt_livestock, doesnt_xom_only_xom
Temple:   nicolae_temple_figure_zero
Sewer:    sewer_kobolds

Skill      XL: |  1  2  3  4  5  6  7  8  9 |
---------------+----------------------------+-----
Fighting       | 4 5 6 7 8 |  8.9
Armour         | 4 5 |  5.8
Shields        | 4 5 |  5.8
Axes           | 3 6 8 |  8.0

Action                   |  1- 3 |  4- 6 |  7- 9 || total
-------------------------+-------+-------+-------++-------
Melee: War axe           |   108 |   151 |    77 ||   336
       Hand axe          |       |       |   378 ||   378
Throw: Javelin           |       |       |     2 ||     2
  Use: Scroll            |       |     3 |     1 ||     4
       Potion            |       |     1 |     1 ||     2
  Eat: Chunk             |     2 |     4 |     7 ||    13
       Ration            |       |       |     2 ||     2
Armor: Scale mail        |    71 |    92 |   231 ||   394
       Chain mail        |       |       |    31 ||    31
Dodge: Dodged            |    30 |    61 |   139 ||   230
Block: Shield            |    60 |    91 |   108 ||   259
       Buckler           |       |       |    55 ||    55

Table legend:
 A = Non-vault XP
 B = Vault XP
 C = Vault XP percentage of total XP
 D = Non-vault monster count
 E = Vault monster count
 F = Vault count percentage of total count
                 A         B        C        D         E       F
            +---------+---------+-------+---------+---------+-------
      Total |    2419 |    1522 |  38.6 |     127 |      33 |  20.6
            +---------+---------+-------+---------+---------+-------
        D:1 |       9 |       4 |  30.8 |       6 |       2 |  25.0
        D:2 |      94 |      20 |  17.5 |      25 |       5 |  16.7
        D:3 |      98 |     267 |  73.2 |      10 |       7 |  41.2
        D:4 |     188 |      44 |  19.0 |      27 |       1 |   3.6
        D:5 |     354 |      91 |  20.4 |      15 |       1 |   6.2
        D:6 |     957 |       1 |   0.1 |      25 |       1 |   3.8
        D:7 |     719 |     972 |  57.5 |      19 |       5 |  20.8
      Sewer |       0 |     123 | 100.0 |       0 |      11 | 100.0
            +---------+---------+-------+---------+---------+-------
